 Dungeon Crawl Stone Soup version 0.24.0-123-gd5b16e6ec5 (webtiles) character file.

Game seed: 14735704241825669090, levelgen mode: deterministic

9044 Hasart the Covert (level 11, -1/83 HPs)
             Began as a Vampire Gladiator on Jan 14, 2020.
             Was an Initiate of Gozag.
             Shot with an arrow by a centaur (2 damage)
             ... on level 9 of the Dungeon.
             The game lasted 00:23:46 (9947 turns).

Hasart the Covert (Vampire Gladiator)               Turns: 9947, Time: 00:23:47

Health: -1/83      AC: 11    Str: 16    XL:     11   Next: 17%
Magic:  14/14      EV: 18    Int: 11    God:    Gozag
Gold:   1808       SH:  0    Dex: 16    Spells: 10/10 levels left

rFire    + . .     SeeInvis +   y - +3 falchion (freeze)
rCold    . . .     Gourm    .   (no shield)
rNeg     . . .     Faith    .   k - +3 leather armour
rPois    .         Spirit   .   c - +0 helmet
rElec    .         Reflect  .   r - +0 cloak
rCorr    .         Harm     .   n - +0 pair of gloves
MR       +....                  F - +0 pair of boots
Stlth    +++++.....             (no amulet)
HPRegen  0.43/turn              a - ring of protection from fire
MPRegen  0.14/turn              (no ring)

@: lethally poisoned (-1 -> -1), gold aura, regenerating quickly
A: no food, fangs 3, see invisible, unbreathing
a: Exsanguinate, Potion Petition, Call Merchant, Bribe Branch, Renounce Religion


You were on level 9 of the Dungeon.
You worshipped Gozag.
Gozag was most pleased with you.
You were alive.

You visited 2 branches of the dungeon, and saw 10 of its levels.

You collected 1869 gold pieces.
You paid 61 gold pieces to Gozag.

Inventory:

Hand Weapons
 y - a +3 falchion of freezing (weapon)
Missiles
 d - 11 throwing nets
 q - 18 boomerangs (quivered)
Armour
 c - a +0 helmet (worn)
 k - a +3 leather armour (worn)
 n - a +0 pair of gloves (worn)
 r - a +0 cloak (worn)
 F - a +0 pair of boots (worn)
Jewellery
 a - a ring of protection from fire (left hand)
 C - an uncursed ring of magical power
Wands
 x - a wand of random effects (32)
 z - a wand of disintegration (8)
 D - a wand of flame (10)
 G - a wand of clouds (7)
 H - a wand of enslavement (3)
 I - a wand of iceblast (12)
Scrolls
 b - 6 scrolls of remove curse
 f - 2 scrolls of magic mapping {unknown}
 g - 11 scrolls of identify {unknown}
 i - 3 scrolls of enchant armour {unknown}
 j - 7 scrolls of teleportation {unknown}
 o - a scroll of immolation {unknown}
 s - a scroll of amnesia {unknown}
 t - 5 scrolls of enchant weapon {unknown}
 w - a scroll of fog {unknown}
 A - 2 scrolls of random uselessness {unknown}
 J - a scroll of fear {unknown}
Potions
 e - 2 potions of degeneration {unknown}
 h - 6 potions of curing
 l - 2 potions of ambrosia {unknown}
 m - 2 potions of lignification {unknown}
 p - 4 potions of might
 u - a potion of berserk rage {unknown}
 v - a potion of haste {unknown}
 B - a potion of flight {unknown}
 E - a potion of brilliance {unknown}


   Skills:
 + Level 6.7 Fighting
 * Level 10.7 Long Blades
 - Level 1.5 Throwing
 + Level 3.7 Armour
 + Level 8.5 Dodging
 + Level 11.0 Stealth
 + Level 4.3 Evocations


You had 10 spell levels left.
You didn't know any spells.
Your spell library contained the following spells:

 Spells                   Type           Power        Failure   Level  Hunger
 Sandblast                Erth           #.....       38%         1    N/A
 Passwall                 Tmut/Erth      #.......     54%         2    N/A
 Stone Arrow              Conj/Erth      #.....       77%         3    N/A
 Petrify                  Tmut/Erth      #.......     99%         4    N/A
 Lee's Rapid Deconstruct  Erth           #.........   100%        5    N/A

Dungeon Overview and Level Annotations

Branches:
Dungeon (9/15)             Temple (1/1) D:4
   Lair: D:8-11         Orc: D:9-12

Altars:
Ashenzari
Cheibriados
Dithmenos
Elyvilon
Fedhas
Gozag
Hepliaklqana
Kikubaaqudgha
Makhleb
Nemelex Xobeh
Okawaru
Qazlal
Ru
Sif Muna
Trog
Uskayaw
Vehumet
Wu Jian
Xom
Yredelemnul
Zin
The Shining One


Innate Abilities, Weirdness & Mutations

You do not eat.
Your natural rate of healing is unusually fast.
You have razor-sharp teeth.
You have supernaturally acute eyesight. (SInv)
You can survive without breathing.


Message History

* * * LOW HITPOINT WARNING * * *
The centaur shoots an arrow.
The arrow completely misses you.
You see here 4 arrows.
The centaur becomes distracted by the nearby gold, dreaming of imaginary riches.
The centaur shoots an arrow.
The arrow closely misses you.
The centaur shouts!
Items here: $ (( ) [ 4 gold pieces; a stone; a cursed -2 spear; a +0 scale mail; 3 arrows You feel sick.
The centaur shoots an arrow.
The arrow hits you.
* * * LOW HITPOINT WARNING * * *
The arrow freezes you.
* * * LOW HITPOINT WARNING * * *
There is a stone staircase leading up, spattered with blood here.
Things that are here:
a +0 club; a +0 shortbow; 19 arrows The centaur shoots an arrow.
The arrow hits you!
* * * LOW HITPOINT WARNING * * *
The arrow freezes you.
You die...
Your body crumbles into a pile of gold.

########....##.......c(....###
..........#####......$....##
........^..## #..$..(.....# ###
............# #...K(cK##### ###..
.........)..# #.(((...# ####....
............# #..K(...# #....##.
............# #(()....# #.#####.
............# ##$>.#######.# ##
...........## #@#.# #...# ####
..........## #)#.# ##.### #...
####.###### #(#.# ##..#####.##
####.# #.#.# #..##.....# #....##
###.#.###.###.....# #.....#
#......##.# #.....##
......########......##.# #.....##
###.)...........)...##.# ####.###
####.##......#>........####......


You could see a centaur and 3 kobolds.

Vanquished Creatures
  Harold (D:8)
  A two-headed ogre (D:9)
  An unseen horror (D:9)
  Pikel (D:7)
  8 yaks
  2 wyverns
  A hungry ghost (D:9)
  Eustachio (D:6)
  Menkaure (D:6)
  2 water moccasins
  Duvessa (D:7)
  3 ice beasts
  A sky beast (D:8)
  2 orc warriors
  2 necrophages
  5 centaurs
  7 ogres
  2 big kobolds
  3 bullfrogs
  A gnoll sergeant (D:9)
  Dowan (D:7)
  A wyvern skeleton (D:6)
  A scorpion (D:7)
  5 killer bees
  8 wights
  3 crimson imps
  4 howler monkeys
  2 bullfrog zombies
  A quasit (D:8)
  5 orc priests
  6 hounds
  2 jellies
  9 orc wizards
  Crazy Yiuf (D:3)
  A centaur skeleton (D:7)
  Jessica (D:3)
  Ijyb (D:3)
  2 iguanas
  9 worker ants
  A killer bee zombie (D:9)
  Robin (D:3)
  12 gnolls
  16 adders
  An ooze (D:2)
  An adder zombie (D:6)
  6 worms
  2 dart slugs
  3 leopard geckos
  31 orcs
  3 ball pythons
  9 bats
  8 giant cockroaches
  15 goblins
  15 hobgoblins
  6 jackals
  6 quokkas
  9 frilled lizards
  21 kobolds
  11 rats
286 creatures vanquished.

Vanquished Creatures (others)
  4 orcs (D:7)
4 creatures vanquished.

Grand Total: 290 creatures vanquished

Notes
Turn   | Place    | Note
-------+----------+-------------------------------------------
     0 | D:1      | Hasart the Vampire Gladiator began the quest for the Orb.
     0 | D:1      | Reached XP level 1. HP: 16/16 MP: 1/1
   204 | D:1      | Reached skill level 1 in Stealth
   207 | D:1      | Reached XP level 2. HP: 22/22 MP: 2/2
   760 | D:2      | Reached XP level 3. HP: 27/27 MP: 3/3
   810 | D:2      | Found a shattered altar of Ashenzari.
   812 | D:2      | Found a glowing silver altar of Zin.
   814 | D:2      | Found an ancient bone altar of Kikubaaqudgha.
   814 | D:2      | Found a shadowy altar of Dithmenos.
   816 | D:2      | Found a sacrificial altar of Ru.
  1084 | D:2      | Reached skill level 2 in Stealth
  1201 | D:2      | Reached XP level 4. HP: 18/34 MP: 4/4
  1639 | D:3      | Found a runed translucent door.
  1640 | D:3      | Noticed Crazy Yiuf
  1771 | D:3      | Noticed Jessica
  1789 | D:3      | Killed Jessica
  1789 | D:3      | Reached skill level 3 in Stealth
  1828 | D:3      | Noticed Robin
  1836 | D:3      | Reached XP level 5. HP: 38/39 MP: 5/5
  1866 | D:3      | Killed Robin
  2192 | D:3      | Noticed Ijyb
  2223 | D:3      | Killed Ijyb
  2586 | D:3      | Reached XP level 6. HP: 24/46 MP: 6/6
  2678 | D:3      | Reached skill level 4 in Stealth
  2684 | D:3      | Reached skill level 5 in Long Blades
  2958 | D:3      | Killed Crazy Yiuf
  3031 | D:4      | Found a snail-covered altar of Cheibriados.
  3075 | D:4      | Noticed a yak
  3075 | D:4      | Noticed a yak
  3075 | D:4      | Noticed a yak
  3075 | D:4      | Noticed a yak
  3075 | D:4      | Noticed a yak
  3075 | D:4      | Noticed a yak
  3100 | D:3      | HP: 2/47 [yak (4)]
  3102 | D:3      | Killed a yak
  3271 | D:4      | Found a staircase to the Ecumenical Temple.
  3278 | Temple   | Entered the Ecumenical Temple
  3315 | Temple   | Became a worshipper of Gozag Ym Sagoz the Greedy
  3449 | D:4      | Reached XP level 7. HP: 38/52 MP: 7/7
  3625 | D:4      | Reached skill level 5 in Dodging
  3625 | D:4      | Reached skill level 5 in Stealth
  4121 | D:3      | Killed a yak
  4353 | D:5      | Entered Level 5 of the Dungeon
  4369 | D:5      | Reached skill level 6 in Stealth
  4571 | D:5      | Reached XP level 8. HP: 55/60 MP: 8/8
  5844 | D:6      | Reached skill level 7 in Stealth
  6137 | D:6      | Noticed Menkaure
  6149 | D:6      | Killed Menkaure
  6400 | D:6      | Noticed Eustachio
  6435 | D:6      | Killed Eustachio
  6435 | D:6      | Reached skill level 5 in Fighting
  6435 | D:6      | Reached skill level 8 in Stealth
  6435 | D:6      | Reached XP level 9. HP: 51/68 MP: 9/9
  6667 | D:6      | Reached skill level 1 in Evocations
  7025 | D:7      | Noticed Duvessa
  7025 | D:7      | Noticed Dowan
  7037 | D:7      | Killed Duvessa
  7039 | D:7      | Killed Dowan
  7317 | D:7      | Noticed Pikel
  7342 | D:7      | Killed Pikel
  7342 | D:7      | Reached skill level 1 in Armour
  7342 | D:7      | Reached skill level 9 in Stealth
  8053 | D:8      | Reached XP level 10. HP: 75/76 MP: 12/12
  8340 | D:8      | Noticed Harold
  8635 | D:8      | Killed Harold
  8823 | D:8      | Reached skill level 10 in Stealth
  8858 | D:8      | Reached skill level 10 in Long Blades
  9523 | D:9      | Noticed an unseen horror
  9525 | D:9      | Noticed a two-headed ogre
  9534 | D:9      | Killed an unseen horror
  9534 | D:9      | Reached XP level 11. HP: 76/83 MP: 14/14
  9552 | D:9      | Killed a two-headed ogre
  9900 | D:9      | Reached skill level 11 in Stealth
  9947 | D:9      | HP: 1/83 [centaur/arrow (7)]
  9947 | D:9      | Shot with an arrow by a centaur

Levels and vault maps discovered:
D:1:      dpeg_arrival_boxes_within_box, layout_basic, wad_floor_pattern_2
D:2:      layout_basic, minitemple, first_ration
D:3:      layout_basic, uniq_ijyb, uniq_jessica, uniq_robin,
          uniq_crazy_yiuf_cottage
D:4:      minmay_general_purpose_star, layout_basic, lemuel_round_altar,
          minmay_temple_entry_drinking_statues
D:5:      layout_basic
D:6:      layout_basic, uniq_eustachio, uniq_menkaure
D:7:      layout_basic, kennysheep_generic_room_10, uniq_pikel, uniq_duvessa
D:8:      layout_rooms, uniq_harold
D:9:      kennysheep_housing_project, layout_rooms
Temple:   kb_temple_of_zot

Skill      XL: |  1  2  3  4  5  6  7  8  9 10 11 |
---------------+----------------------------------+-----
Stealth        | 1 2 3 4 6 8 9 10 11 | 11.0
Fighting       | 2 3 4 5 6 |  6.7
Long Blades    | 4 5 6 8 9 10 | 10.7
Dodging        | 4 5 6 7 8 |  8.5
Evocations     | 2 4 |  4.3
Armour         | 2 3 |  3.7
Throwing       | |  1.5

Action                   |  1- 3 |  4- 6 |  7- 9 | 10-12 || total
-------------------------+-------+-------+-------+-------++-------
Melee: Long sword        |    85 |   261 |   171 |       ||   517
       Bite              |     5 |    34 |    73 |    55 ||   167
       Falchion          |       |       |   280 |   367 ||   647
Evoke: Wand              |       |       |       |     3 ||     3
  Use: Scroll            |       |       |     2 |       ||     2
 Stab: Sleeping          |     3 |     2 |     9 |     5 ||    19
       Distracted        |       |     1 |     3 |     1 ||     5
       Confused          |       |       |       |     5 ||     5
Armor: Leather armour    |    27 |    77 |   102 |    73 ||   279
Dodge: Dodged            |    73 |   211 |   296 |   313 ||   893
       Rpst.: Long sword |    18 |    51 |    37 |       ||   106
       Falchion          |       |       |    55 |   100 ||   155
